 Dungeon Crawl Stone Soup version 0.19.5 (webtiles) character file.

1687 empire the Skirmisher (level 8, -8/106 HPs)
             Began as a Purple Draconian Monk on Mar 7, 2017.
             Mangled by an orc warrior
             ... wielding a +0 battleaxe
              (19 damage)
             ... on level 6 of the Dungeon.
             The game lasted 00:16:15 (6317 turns).

empire the Skirmisher (Purple Draconian Monk)       Turns: 6317, Time: 00:16:16

Health: -8/106     AC: 24    Str: 16    XL:     8   Next: 71%
Magic:  10/12      EV:  2    Int: 10    God:
Gold:   340        SH:  0    Dex: 18    Spells: 2 memorised, 6 levels left

rFire  . . .     SeeInvis .     a - +1 falchion
rCold  + . .     Gourm    .     (armour unavailable)
rNeg   + + +     Faith    .     (no shield)
rPois  +         Spirit   .     (helmet currently unavailable)
rElec  .         Reflect  .     (cloak currently unavailable)
rCorr  .         Harm     .     (gloves currently unavailable)
MR     +....     NoTele   +     (boots currently unavailable)
Stlth  ++........               (no amulet)
                                z - +2 ring of dexterity
                                d - ring of protection from cold

@: tree-form
A: (breathe power), unfitting armour, (hooves 0), strong 1, (cold-blooded), AC
+6
a: no special abilities


You were on level 6 of the Dungeon.
You were near starving.
You were a tree.
You visited 2 branches of the dungeon, and saw 7 of its levels.
You also visited: Sewer.

You collected 340 gold pieces.

Inventory:

Hand Weapons
 a - a +1 falchion (weapon)
 o - a +1 trident of venom
 p - a +1 short sword of flaming
Magical Staves
 y - an uncursed staff of conjuration {unknown}
 A - an uncursed staff of poison {unknown}
Jewellery
 d - a ring of protection from cold (left branch)
 z - a +2 ring of dexterity (right branch)
Wands
 e - a wand of iceblast (8/15)
 i - a wand of iceblast (3/15)
 t - a wand of acid (0/15)
Scrolls
 f - a scroll of remove curse
 v - a scroll of identify
 w - a scroll of torment {unknown}
 C - a scroll of enchant weapon
Potions
 h - a potion of agility {unknown}
 j - 2 potions of brilliance {unknown}
 k - a potion of lignification
 m - 6 potions of curing
 r - a potion of cancellation
 x - a potion of flight
Books
 q - a book of Necromancy

   Spells                             Type                      Level
   a - Pain                           Necromancy                   1
   b - Animate Skeleton               Necromancy                   1
   c - Vampiric Draining              Necromancy                   3
   d - Regeneration                   Charms/Necromancy            3
   e - Animate Dead                   Necromancy                   4
   f - Control Undead                 Necromancy                   4
Comestibles
 b - 2 bread rations
 c - 9 fruits
 g - 4 beef jerkies
 l - 2 royal jellies


   Skills:
 + Level 6.8 Fighting
 + Level 5.6 Long Blades
 + Level 5.4 Dodging
 - Level 1.7 Stealth
 + Level 2.8 Spellcasting
 + Level 2.9 Charms
 + Level 2.8 Necromancy
 + Level 4.3 Evocations


You had 6 spell levels left.
You knew the following spells:

 Your Spells              Type           Power        Failure   Level  Hunger
a - Regeneration          Chrm/Necr      #.........   28%         3    ####...
b - Vampiric Draining     Necr           #.........   28%         3    ####...


Dungeon Overview and Level Annotations

Branches:
Dungeon (6/15)             Temple (1/1) D:6

Altars:
Cheibriados
Dithmenos
Elyvilon
Gozag
Kikubaaqudgha
Makhleb
Okawaru
Qazlal
Ru
Sif Muna
Uskayaw
Vehumet
Xom
Yredelemnul
Zin

Shops:
D:5 *


Innate Abilities, Weirdness & Mutations

((You can breathe bolts of dispelling energy.))
((Your rich purple scales are hard. (AC +6)))
You cannot fit into any form of body armour.
((You are cold-blooded and may be slowed by cold attacks.))
((You have large cloven feet.))
Your muscles are strong. (Str +2)


Message History

The hound is lightly wounded.
The hound bites you.
* * * LOW HITPOINT WARNING * * *
You hit the hound.
The hound is heavily wounded.
The hound bites you but does no damage.
The orc warrior hits you with a battleaxe!
* * * LOW HITPOINT WARNING * * *
The hound bites you but does no damage.
Sorry, you're not good enough to have a special ability.
Firing (i - inventory): No suitable missiles.
Press: ? - help, Shift-Dir - straight line, f - hound, p - orc warrior
Aim: a hound (heavily wounded)
Okay, then.
Sorry, you're not good enough to have a special ability.
You miss the hound.
The hound is heavily wounded.
The hound bites you but does no damage.
The orc warrior hits you with a battleaxe!!
You die...

###.#... ≈#≈≈≈≈ ... ...).#
≈.≈≈##+##.# .... ####...#
#.......#.# .... .......##
.........# ...#
####)#..######.......##. .[ ..
<#...#.......'.......... .##+##
##(###..######.......#####.....##
...###... #..†h.......#.#...#.
.(..##.#.## #..♣o....##.#.#...#.
(...##.#..# #........#....#...#.
....##+##.##########..#........#.
...........#......#...#.###......
##...÷.....#.##.......#.......#..
#.........#.##.......#..##.#.#..
#...........###.###........#.#..
#.......##.####>..#.########.#..
.........##..#.....#.# ..#..


You could see an orc warrior and a hound.

Vanquished Creatures
  The ghost of Paps the Covered, a novice GrFi of Okawaru (D:4)
  4 yaks (D:6)
  A centaur (D:6)
  An ogre (D:4)
  A big kobold (Sewer)
  2 bullfrogs
  A centaur zombie (D:5)
  A bullfrog skeleton (D:4)
  An iguana (D:6)
  3 worker ants
  A hound skeleton (D:4)
  9 adders
  3 gnolls (D:4)
  A howler monkey skeleton (D:4)
  5 river rats (Sewer)
  A shadow imp (D:5)
  An ooze (Sewer)
  2 worms
  11 dart slugs
  6 leopard geckos
  17 orcs
  7 ball pythons
  5 bats
  5 giant cockroaches
  7 hobgoblins
  4 jackals
  A ball python skeleton (D:5)
  4 frilled lizards
  9 goblins
  A jackal skeleton (D:5)
  18 kobolds
  28 rats
162 creatures vanquished.

Notes
Turn   | Place    | Note
-------+----------+-------------------------------------------
     0 | D:1      | empire the Draconian Monk began the quest for the Orb.
     0 | D:1      | Reached XP level 1. HP: 19/19 MP: 1/1
   294 | D:1      | Reached XP level 2. HP: 16/26 MP: 2/2
  1114 | D:2      | Reached XP level 3. HP: 13/33 MP: 3/3
  1125 | D:2      | Gained mutation: Your muscles are strong. (Str +2) [potion of mutation]
  1125 | D:2      | Gained mutation: You have large cloven feet. [potion of mutation]
  1125 | D:2      | HP: 1/33 [poisoned by an adder]
  1410 | D:2      | Reached skill level 4 in Fighting
  2090 | D:3      | Reached XP level 4. HP: 35/40 MP: 4/4
  2485 | D:3      | Found a shadowy altar of Dithmenos.
  2785 | D:4      | Reached skill level 5 in Fighting
  2785 | D:4      | Reached XP level 5. HP: 28/48 MP: 5/5
  3010 | D:4      | Noticed Paps's ghost (novice GrFi)
  3137 | D:4      | HP: 2/48 [Paps's ghost (4)]
  3211 | D:4      | Found a glowing drain.
  3230 | D:4      | Killed Paps's ghost
  3230 | D:4      | Reached XP level 6. HP: 38/57 MP: 5/7
  3274 | Sewer    | Entered a sewer
  3616 | Sewer    | Your scales start taking on a rich purple colour.
  3616 | Sewer    | Reached XP level 7. HP: 62/62 MP: 8/8
  3918 | Sewer    | Reached skill level 6 in Fighting
  4367 | D:4      | Reached skill level 5 in Long Blades
  4372 | D:4      | Learned a level 3 spell: Regeneration
  4376 | D:4      | Learned a level 3 spell: Vampiric Draining
  5039 | D:5      | Entered Level 5 of the Dungeon
  5046 | D:5      | Reached skill level 1 in Necromancy
  5196 | D:5      | Reached skill level 1 in Charms
  5223 | D:5      | Found an opulent altar of Gozag.
  5224 | D:5      | Found Gozag's Platinum Reserve.
  5738 | D:6      | Reached skill level 5 in Dodging
  5738 | D:6      | Reached skill level 1 in Spellcasting
  5748 | D:6      | Found a staircase to the Ecumenical Temple.
  5754 | Temple   | Entered the Ecumenical Temple
  5883 | D:6      | Reached XP level 8. HP: 43/71 MP: 10/10
  6106 | D:6      | HP: 1/71 [orc warrior/battleaxe (23)]
  6317 | D:6      | Mangled by an orc warrior

Skill      XL: |  1  2  3  4  5  6  7  8 |
---------------+-------------------------+-----
Dodging        | 3 4 5 |  5.4
Fighting       | 4 5 6 |  6.8
Long Blades    | 4 5 |  5.6
Evocations     | 2 3 4 |  4.3
Necromancy     | 1 2 |  2.8
Charms         | 1 2 |  2.9
Spellcasting   | 1 2 |  2.8
Stealth        | |  1.7

Action                   |  1- 3 |  4- 6 |  7- 9 || total
-------------------------+-------+-------+-------++-------
Melee: Falchion          |   111 |   173 |   275 ||   559
       Tailslap          |    17 |    25 |    55 ||    97
       Kick              |    11 |    57 |   113 ||   181
 Cast: Regeneration      |       |       |     4 ||     4
 Abil: Breathe Dispellin |       |       |     6 ||     6
Evoke: Wand              |       |     4 |       ||     4
  Use: Potion            |     2 |     4 |    12 ||    18
       Scroll            |       |     8 |     4 ||    12
 Stab: Sleeping          |     5 |     1 |     2 ||     8
  Eat: Chunk             |     4 |     4 |     8 ||    16
       Fruit             |       |     1 |       ||     1
       Pizza             |       |       |     1 ||     1
Armor: Skin              |    27 |    58 |   108 ||   193
Dodge: Dodged            |    73 |   176 |   231 ||   480
       Rpst.: Falchion   |    27 |    54 |    84 ||   165
